AoeStats
← Blink

Nomad

509193788Analyzed
4v4 RM · 7d ago on Sep 25, 2026· 44m 29s· 8 players
Game mode
Random Map
Map size
231×231
Population
200
Speed
Normal
Resources
Standard
Victory
Conquest
Starting age
Dark Age
Ending age
Imperial Age
RankedLock teamsTeams togetherTeam positionsShared explorationLock speedFull tech treeHidden civsTurbo modeCheats
Victory
Defeat
🇧🇬 Bulgarians · Bulgaria
973
+14
🇺🇾 Vietnamese · Uruguay
947
+41
🇺🇸 Danes · United States
935
+15
🇨🇭 Romans · Switzerland
876
+17
🇩🇪 Portuguese · Germany
959
-17
🇭🇰 Magyars · Hong Kong SAR China
942
-16
🇩🇪 Maya · Germany
897
-14
🇩🇪 Varangians · Germany
883
-14
tobinho_125
6:04 Loom
16:19 Feudal Age
21:21 Castle Age
19:44 Padded Archer Armor
20:14 Town Watch
21:05 Wheelbarrow
20:17 Town Watch
23:41 Hand Cart
25:49 Pikeman
31:20 Leather Archer Armor
31:11 Scale Barding Armor
36:46 Imperial Age
40:26 Conscription
40:08 Double-Bit Axe
40:08 Horse Collar
42:18 Chemistry
41:38 Ballistics
42:42 Ring Archer Armor
42:30 Halberdier
Wurzelsepp
3:48 Loom
13:38 Feudal Age
16:51 Forging
16:34 Fletching
22:05 Horse Collar
22:28 Town Watch
23:01 Double-Bit Axe
23:28 Arson
27:25 Castle Age
28:36 Bow Saw
28:46 Padded Archer Armor
31:50 Heavy Plow
33:08 Gold Mining
35:36 Wheelbarrow
37:05 Squires
36:26 Eagle Warrior
37:10 Scale Mail Armor
37:48 Masonry
38:18 Forging
38:55 Chain Mail Armor
40:26 Ballistics
40:24 Bodkin Arrow
42:24 Pikeman
cherripunji
5:52 Loom
15:33 Feudal Age
20:36 Castle Age
18:30 Double-Bit Axe
20:25 Horse Collar
22:56 Bloodlines
22:09 Light Cavalry
25:49 Bow Saw
30:24 Heavy Plow
30:21 Town Watch
33:21 Crossbowman
35:09 Husbandry
35:17 Stone Mining
36:51 Gold Mining
39:02 Thumb Ring
38:53 Fletching
42:38 Imperial Age
41:53 Corvinian Army
42:23 Scale Barding Armor
43:27 Chain Barding Armor
43:04 Bodkin Arrow
43:09 Padded Archer Armor
44:41 Conscription
Cramgee
13:53 Loom
16:28 Feudal Age
18:14 Arson
17:50 Man-at-Arms
23:18 Double-Bit Axe
29:59 Scale Mail Armor
39:48 Scale Barding Armor
Luvski
6:20 Loom
29:39 Feudal Age
30:16 Horse Collar
32:45 Wheelbarrow
32:18 Arson
33:26 Scale Mail Armor
33:36 Forging
34:26 Double-Bit Axe
37:49 Castle Age
39:57 Iron Casting
39:38 Chain Mail Armor
39:13 Fletching
39:12 Gambesons
39:30 Squires
40:57 Bodkin Arrow
41:09 Scale Barding Armor
42:43 Caravan
42:50 Heavy Plow
43:01 Bow Saw
44:10 Hand Cart
PetteriNummelin
12:53 Loom
15:38 Feudal Age
17:53 Wheelbarrow
17:06 Town Watch
20:50 Gold Mining
23:45 Castle Age
21:48 Horse Collar
23:05 Scale Mail Armor
23:16 Forging
25:00 Squires
24:20 Man-at-Arms
24:25 Pikeman
24:29 Man-at-Arms
25:30 Chain Mail Armor
25:50 Iron Casting
27:37 Hand Cart
27:36 Heavy Plow
28:15 Double-Bit Axe
30:37 Bow Saw
31:30 Town Patrol
33:49 Gold Shaft Mining
33:05 Stone Mining
35:03 Ballistics
35:23 Ballistas
38:01 Imperial Age
39:33 Crop Rotation
39:47 Guilds
39:00 Heavy Scorpion
40:52 Chemistry
41:48 Conscription
41:58 Siege Engineers
43:10 Comitatenses
42:11 Elite Centurion
Blink
4:12 Loom
4:47 Loom
5:24 Loom
7:47 Loom
8:36 Loom
9:13 Loom
13:42 Feudal Age
14:11 Town Watch
14:19 Horse Collar
14:27 Double-Bit Axe
14:29 Fishing Lines
15:23 Gold Mining
21:15 Wheelbarrow
25:20 Stone Mining
27:44 Castle Age
28:58 Scale Mail Armor
29:08 Forging
29:10 Heavy Plow
29:25 Pikeman
30:06 Squires
29:52 Arson
29:57 Gambesons
29:58 Arson
32:26 Hamask
33:38 Bow Saw
36:21 Elite Skirmisher
43:19 Imperial Age
43:12 Bloodlines
43:03 Husbandry
43:54 Imperial Skirmisher
Pocho32
4:46 Loom
16:42 Feudal Age
21:31 Castle Age
21:02 Double-Bit Axe
22:21 Fishing Lines
23:51 Husbandry
25:05 Bloodlines
26:17 Wheelbarrow
26:43 Scale Barding Armor
26:49 Forging
28:50 Fletching
30:45 Horse Collar
34:20 Imperial Age
31:13 Elite Skirmisher
35:10 Stone Mining
34:50 Imperial Skirmisher
37:07 Padded Archer Armor
37:43 Iron Casting
39:15 Chain Barding Armor
39:11 Leather Archer Armor
Connection lost

Rejoining the realm…

Still unreachable

The connection could not be restored.

Session expired

The server has moved on; the page needs a fresh start.